 Dungeon Crawl Stone Soup version 0.32-a0-872-g59262bdc9b (webtiles) character file.

Game seed: 6944390670468463938

871 601d51SH the Shield-Bearer (level 8, -4/60 HPs)
             Began as a Gnoll Fighter on Mar 31, 2024.
             Was a Follower of Hepliaklqana.
             Slain by a gnoll sergeant
             ... wielding a +1 trident of protection
              (9 damage)
             ... on level 4 of the Dungeon.
             The game lasted 00:08:33 (3839 turns).

601d51SH the Shield-Bearer (Gnoll Fighter)          Turns: 3839, Time: 00:08:34

Health: -4/60      AC: 18    Str: 19    XL:     8   Next: 3%
Magic:  12/12      EV:  9    Int:  7    God:    Hepliaklqana [*.....]
Gold:   331        SH: 10    Dex: 11    Spells: 13/13 levels left

rFire   + . .        a - +0 trident
rCold   + . .        c - +0 buckler
rNeg    . . .        b - +0 scale mail
rPois   .            F - +0 helmet
rElec   .            f - scarf {rC+ rF+}
rCorr   .            (no gloves)
SInv    .            w - +0 pair of boots
Will    .....        s - amulet of reflection
Stlth   +            l - +4 ring of protection
HPRegen 0.30/turn    k - +4 ring of protection
MPRegen 0.13/turn

%: reflection
@: no status effects
A: reduced essence, fangs 1, strong nose, distributed training
a: Renounce Religion, Recall Ancestor, Ancestor Identity


You were on level 4 of the Dungeon.
You worshipped Hepliaklqana.
Hepliaklqana was aware of your devotion.
You visited 2 branches of the dungeon, and saw 7 of its levels.

You collected 331 gold pieces.

Inventory:

Hand Weapons
 a - a +0 trident (weapon)
Armour
 b - a +0 scale mail (worn)
 c - a +0 buckler (worn)
 f - a scarf of resistance (worn)
 w - a +0 pair of boots (worn)
 F - a +0 helmet (worn)
 G - a +0 cloak
Jewellery
 e - a +6 ring of intelligence
 k - a +4 ring of protection (right hand)
 l - a +4 ring of protection (left hand)
 s - an amulet of reflection (around neck)
 y - a +6 ring of dexterity
 A - a ring of poison resistance
Wands
 D - a wand of flame (24) (quivered)
Scrolls
 h - a scroll of revelation
 m - 4 scrolls of identify {unknown}
 o - 3 scrolls of poison {unknown}
 p - a scroll of noise
 t - a scroll of immolation {unknown}
 u - a scroll of fear {unknown}
 v - a scroll of fog {unknown}
 x - a scroll of amnesia {unknown}
 z - 2 scrolls of teleportation {unknown}
Potions
 d - 2 potions of might
 g - a potion of mutation {unknown}
 i - a potion of berserk rage {unknown}
 j - 2 potions of brilliance
 n - 3 potions of attraction
 q - a potion of magic {unknown}
 r - 4 potions of curing
 B - a potion of ambrosia {unknown}
 C - a potion of cancellation {unknown}
 E - a potion of invisibility {unknown}
 H - 2 potions of heal wounds


   Skills:
 + Level 7.2 Fighting
 + Level 3.0 Short Blades
 + Level 3.0 Long Blades
 + Level 3.0 Axes
 + Level 3.0 Maces & Flails
 + Level 5.5 Polearms
 + Level 3.0 Staves
 + Level 3.0 Ranged Weapons
 + Level 3.0 Throwing
 + Level 7.2 Armour
 + Level 3.0 Dodging
 + Level 3.0 Stealth
 + Level 7.2 Shields
 + Level 3.0 Unarmed Combat
 + Level 3.0 Spellcasting
 + Level 2.4 Conjurations
 + Level 2.4 Hexes
 + Level 2.4 Summonings
 + Level 2.4 Necromancy
 + Level 2.4 Translocations
 + Level 2.4 Fire Magic
 + Level 2.4 Ice Magic
 + Level 2.4 Air Magic
 + Level 2.4 Earth Magic
 + Level 2.4 Alchemy
 + Level 3.3 Invocations
 + Level 3.0 Evocations
 + Level 2.7 Shapeshifting


You had 13 spell levels left.
You didn't know any spells.
Your spell library contained the following spells:

 Spells                   Type           Power      Damage    Failure   Level
 Maxwell's Portable Pile  Tloc           4%         2d(6-11)  99%         4
 Arcjolt                  Conj/Air       2%         1d12      100%        5
 Maxwell's Capacitive Co  Air            2%         ∞         100%        8


Dungeon Overview and Level Annotations

Branches:
Dungeon (6/15)             Temple (1/1) D:4

Altars:
Ashenzari
Cheibriados
Elyvilon
Fedhas
Gozag
Hepliaklqana
Kikubaaqudgha
Makhleb
Nemelex Xobeh
Okawaru
Qazlal
Ru
Trog
Uskayaw
Vehumet
Wu Jian
Xom
Yredelemnul
Zin
The Shining One

Shops:
D:1 (


Innate Abilities, Weirdness & Mutations

Your life essence is reduced to manifest your ancestor. (-10% HP)
You have very sharp teeth.
Your uncanny sense of smell can sniff out nearby items.
Your experience applies equally to all skills.


Message History

The gnoll sergeant hits you but does no damage.
You closely miss the gnoll.
The gnoll is almost dead.
The gnoll hits you but does no damage. You block the gnoll sergeant's attack.
You hit the gnoll.
You kill the gnoll!
The gnoll sergeant hits you from afar with a +1 trident of protection.
The gnoll sergeant hits you with a +1 trident of protection.
The gnoll barely misses you.
Items here: )) [ ††.
You hit the gnoll sergeant but do no damage.
You block the gnoll sergeant's attack. The gnoll barely misses you.
You hit the gnoll sergeant but do no damage.
You block the gnoll sergeant's attack. The gnoll barely misses you.
The gnoll sergeant blocks your attack.
The gnoll sergeant hits you with a +1 trident of protection.
* * * LOW HITPOINT WARNING * * *
The gnoll hits you from afar with a +0 halberd.
* * * LOW HITPOINT WARNING * * *
The gnoll sergeant hits you but does no damage.
The gnoll sergeant blocks your attack. x2; You block the gnoll's attack.
The gnoll sergeant closely misses you. The gnoll sergeant blocks your attack.
The gnoll completely misses you.
The gnoll sergeant hits you with a +1 trident of protection.
* * * LOW HITPOINT WARNING * * *
The gnoll sergeant blocks your attack.
You bite the gnoll sergeant, but do no damage.
The gnoll barely misses you.
The gnoll sergeant hits you but does no damage.
Reach: a) +0 trident
Press: ? - help, Dir - move target, f - gnoll sergeant
Aim: a gnoll sergeant, wielding a +1 trident of protection, wearing a +0 scale mail and wearing a +2 kite shield (about 29% to evade your +0 trident)
You hit the gnoll sergeant but do no damage.
The gnoll closely misses you. You block the gnoll sergeant's attack.
The gnoll sergeant hits you from afar with a +1 trident of protection!
* * * LOW HITPOINT WARNING * * *
The gnoll sergeant attacks as it pursues you!
The gnoll sergeant hits you from afar with a +1 trident of protection!
You die...
Hepliaklqana delivers you to your ancestors.

[....###.#.#..<#.##.# .#.#.#
#.#.#.#.#.##.# .....#
#...#.#.#.#..#
...#.###.#.#.#.#.#.##
.........#.#.#.#...#
...#.#####.#.#....######## .....#
#>..............# ...#[#
################.# .....#
#.......@.# #.#
.#.#.####.#######.######.#
..........# #.g).gg..#
..(...#################..########
....P..................)..)......
...~~~~~~~~~≈~~~~≈~≈~~....~≈≈~≈~~
...~≈≈≈≈≈≈≈≈≈≈≈≈≈≈~≈≈~....)≈≈≈≈≈≈
...~≈#####≈≈~~~~~≈≈~≈~....~~≈~~~~
...~~#...#.......................


You could see a gnoll sergeant.

Vanquished Creatures
  Menkaure (D:5)
  A water moccasin (D:5)
  2 ogres
  A centaur (D:5)
  A phantom (D:6)
  3 hounds
  An orc wizard (D:4)
  A sleepcap (D:5)
  2 gnolls (D:4)
  8 adders
  3 dart slugs
  12 orcs
  12 ball pythons
  9 bats
  7 endoplasms
  3 giant cockroaches
  5 goblins
  10 hobgoblins
  A jackal (D:4)
  5 quokkas
  2 frilled lizards (D:2)
  6 kobolds
  4 rats (D:2)
100 creatures vanquished.

Vanquished Creatures (collateral kills)
  A gnoll (D:4)
  An orc (D:4)
2 creatures vanquished.

Vanquished Creatures (others)
  An ancestor (D:4)
1 creature vanquished.

Grand Total: 103 creatures vanquished

Notes
Turn   | Place    | Note
-------+----------+-------------------------------------------
     0 | D:1      | 601d51SH the Gnoll Fighter began the quest for the Orb.
     0 | D:1      | Reached XP level 1. HP: 23/23 MP: 1/1
    18 | D:1      | Found Quahegh's Antique Weapon Shop.
   103 | D:1      | Reached XP level 2. HP: 25/29 MP: 2/2
   534 | D:1      | Reached XP level 3. HP: 33/35 MP: 3/3
   794 | D:2      | Reached skill level 1 in Invocations
   948 | D:2      | Reached skill level 1 in Short Blades
   948 | D:2      | Reached skill level 1 in Long Blades
   948 | D:2      | Reached skill level 1 in Axes
   948 | D:2      | Reached skill level 1 in Maces & Flails
   948 | D:2      | Reached skill level 1 in Staves
   948 | D:2      | Reached skill level 1 in Ranged Weapons
   948 | D:2      | Reached skill level 1 in Throwing
   948 | D:2      | Reached skill level 1 in Dodging
   948 | D:2      | Reached skill level 1 in Stealth
   948 | D:2      | Reached skill level 1 in Unarmed Combat
   948 | D:2      | Reached skill level 1 in Spellcasting
   948 | D:2      | Reached skill level 1 in Evocations
  1197 | D:2      | Reached skill level 1 in Shapeshifting
  1197 | D:2      | Reached XP level 4. HP: 41/41 MP: 5/5
  1449 | D:3      | Reached skill level 1 in Conjurations
  1449 | D:3      | Reached skill level 1 in Hexes
  1449 | D:3      | Reached skill level 1 in Summonings
  1449 | D:3      | Reached skill level 1 in Necromancy
  1449 | D:3      | Reached skill level 1 in Translocations
  1449 | D:3      | Reached skill level 1 in Fire Magic
  1449 | D:3      | Reached skill level 1 in Ice Magic
  1449 | D:3      | Reached skill level 1 in Air Magic
  1449 | D:3      | Reached skill level 1 in Earth Magic
  1449 | D:3      | Reached skill level 1 in Alchemy
  1822 | D:3      | Reached XP level 5. HP: 42/47 MP: 5/7
  2214 | D:4      | Found a staircase to the Ecumenical Temple.
  2228 | Temple   | Entered the Ecumenical Temple
  2259 | Temple   | Became a worshipper of Hepliaklqana the Forgotten
  2550 | D:4      | Noticed an ogre
  2558 | D:4      | Killed an ogre
  2559 | D:4      | Reached skill level 5 in Polearms
  2559 | D:4      | Reached XP level 6. HP: 24/53 MP: 8/8
  2732 | D:4      | You fall into a shaft and drop 2 floors!
  2973 | D:5      | Entered Level 5 of the Dungeon
  3159 | D:5      | Reached XP level 7. HP: 60/60 MP: 10/10
  3170 | D:5      | Noticed Menkaure
  3186 | D:5      | Killed Menkaure
  3186 | D:5      | HP: 2/60 [dart slug/slug dart (3)]
  3749 | D:4      | Reached * piety under Hepliaklqana
  3816 | D:4      | Reached XP level 8. HP: 31/60 MP: 12/12
  3839 | D:4      | Slain by a gnoll sergeant

Illustrated notes

Levels and vault maps discovered:
D:1:      elethiomel_arrival_shortcut, layout_basic, serial_shops,
          nicolae_shop_hallway_stairs
D:2:      layout_loops_ring, kennysheep_generic_room_10
D:3:      layout_loops_ring
D:4:      lemuel_castle_with_subvaults [lemuel_castle_interior_carwin_2],
          layout_basic, minmay_temple_entry_glass
D:5:      layout_loops_ring, uniq_menkaure
D:6:      layout_loops_corners, serial_shops, shop
Temple:   mainiacjoe_temple_big_plus

Skill      XL: |  1  2  3  4  5  6  7 |
---------------+----------------------+-----
Invocations    | 1 2 3 |  3.3
Short Blades   | 1 2 3 |  3.0
Long Blades    | 1 2 3 |  3.0
Axes           | 1 2 3 |  3.0
Maces & Flails | 1 2 3 |  3.0
Staves         | 1 2 3 |  3.0
Ranged Weapons | 1 2 3 |  3.0
Throwing       | 1 2 3 |  3.0
Dodging        | 1 2 3 |  3.0
Stealth        | 1 2 3 |  3.0
Unarmed Combat | 1 2 3 |  3.0
Spellcasting   | 1 2 3 |  3.0
Evocations     | 1 2 3 |  3.0
Shapeshifting  | 1 2 |  2.7
Conjurations   | 1 2 |  2.4
Hexes          | 1 2 |  2.4
Summonings     | 1 2 |  2.4
Necromancy     | 1 2 |  2.4
Translocations | 1 2 |  2.4
Fire Magic     | 1 2 |  2.4
Ice Magic      | 1 2 |  2.4
Air Magic      | 1 2 |  2.4
Earth Magic    | 1 2 |  2.4
Alchemy        | 1 2 |  2.4
Polearms       | 5 |  5.5
Fighting       | 7 |  7.2
Armour         | 7 |  7.2
Shields        | 7 |  7.2

Action                     |  1- 3 |  4- 6 |  7- 9 || total
---------------------------+-------+-------+-------++-------
  Melee: Trident           |   100 |   216 |   101 ||   417
         Bite              |     4 |    20 |    11 ||    35
  Evoke: Wand              |       |       |     8 ||     8
    Use: Potion            |     3 |     2 |       ||     5
         Scroll            |       |     2 |       ||     2
 Armour: Scale mail        |    34 |   116 |    82 ||   232
  Dodge: Dodged            |    23 |    70 |    55 ||   148
  Block: Buckler           |    20 |   106 |    86 ||   212
         Reflection        |       |       |     5 ||     5

Table legend: (Time is in decaauts)
 A = Elapsed time spent in this place.
 B = Non-inter-level travel time spent in this place.
 C = Inter-level travel time spent in this place.
 D = Time resting spent in this place.
 E = Time spent auto-exploring this place.
 F = Levels seen in this place.
 G = Mean time per level.
                   A        B        C        D        E       F      G
               +--------+--------+--------+--------+--------+-----+--------+
         Total |   3860 |   3674 |    186 |    180 |   2650 |   7 |  551.4 |
       Dungeon |   3798 |   3671 |    127 |    180 |   2650 |   6 |  633.0 |
        Temple |     61 |      2 |     59 |      0 |      0 |   1 |   61.0 |
               +--------+--------+--------+--------+--------+-----+--------+

Top non-repeatable levels by time:
     D:4: 926 daAuts
     D:1: 784 daAuts
     D:3: 743 daAuts
     D:2: 586 daAuts
     D:5: 513 daAuts
     D:6: 243 daAuts
  Temple: 61 daAuts
